Map: Ley Lines

Players

zack

  • Race: Protoss Protoss
  • League: Diamond
  • Spawn Location: 7:00

LigerMaNN - Winner!

  • Race: Zerg Zerg
  • League: Diamond
  • Spawn Location: 1:00

VOD

Have the link to the VOD?

Description

Time

  • Played on: June 3, 2025, 11:45 p.m.
  • Length: 4:19
Show
View Real Time Build Order
Export as new Build Order

zack Protoss 

Build Orders: 1 Gate Expand 

Get SALT Encoding   

  12  0:01  Probe  
  13  0:13  Probe  
  14  0:20  Pylon  
  14  0:26  Probe  
  15  0:38  Probe  
  15  0:42  Gateway  
  16  0:47  Probe  
  16  0:50  Assimilator  
  16  0:55  Probe  
  18  1:05  Probe  
  19  1:17  Probe  
  20  1:29  Probe  
  21  1:32  Nexus  
  21  1:43  Pylon  
  21  1:50  Assimilator  
  21  1:51  Probe  
  22  1:57  Cybernetics Core  
  22  2:07  Probe  
  23  2:19  Probe  
  24  2:23  Warp Gate  
  24  2:24  Adept  
  24  2:25  Gateway  
  26  2:42  Probe  
  27  2:48  Probe  
  28  2:54  Probe, Stalker  
  31  3:00  Probe  
  32  3:09  Probe  
  32  3:12  Probe  
  34  3:15  Stargate  
  34  3:21  Probe  
  34  3:26  Probe  
  36  3:33  Probe  
  37  3:42  Probe  
  37  3:45  Probe  
  41  3:51  Nexus  
  41  3:58  Pylon  
Show
View Real Time Build Order
Export as new Build Order

LigerMaNN Zerg - Winner!

Build Orders: Hatch First 

Get SALT Encoding   

  12  0:02  Drone  
  13  0:12  Overlord  
  13  0:16  Drone  
  14  0:31  Drone x2  
  16  0:50  Drone  
  16  0:52  Hatchery  
  16  0:54  Drone  
  17  0:57  Drone  
  18  1:09  Extractor  
  17  1:15  Spawning Pool  
  17  1:17  Drone  
  17  1:20  Drone  
  18  1:28  Drone  
  19  1:46  Overlord  
  19  2:05  Zergling x6  
  19  2:06  Queen x2  
  26  2:15  Metabolic Boost  
  26  2:18  Drone x2  
  28  2:23  Drone  
  29  2:31  Drone  
  30  2:44  Hatchery  
  29  2:53  Queen  
  31  2:58  Overlord  
  31  3:10  Zergling x6  
  31  3:11  Zergling x2  
  31  3:12  Zergling x2  
  36  3:23  Zergling x4  
  38  3:33  Queen  
  40  3:40  Evolution Chamber  
  39  3:45  Overlord  
  39  3:51  Overlord  
Tags
 
Add a new tag
Caveats
  • Supply blocks, unpowered buildings, or Contaminate may cause inaccurate times.
  • Supply counts are checked every 10 seconds.